 Dungeon Crawl Stone Soup version 0.30-a0-1008-g30c9307041 (webtiles) character file.

Game seed: 15985384573759430318

169 Ihaveafatcat the Trooper (level 5, -5/47 HPs)
             Began as a Hill Orc Fighter on Apr 5, 2023.
             Killed from afar by an orc wizard (9 damage)
             ... with a magic dart
             ... on level 3 of the Dungeon.
             The game lasted 00:04:40 (2841 turns).

Ihaveafatcat the Trooper (Hill Orc Fighter)         Turns: 2841, Time: 00:04:40

Health: -5/47      AC:  7    Str: 21    XL:     5   Next: 50%
Magic:  5/5        EV:  9    Int:  8    God:
Gold:   137        SH:  4    Dex: 10    Spells: 4/4 levels left

rFire   . . .      SeeInvis .    a - +0 war axe
rCold   . . .      Faith    .    c - +0 buckler
rNeg    . . .      Spirit   .    b - +0 scale mail
rPois   .          Reflect  .    (no helmet)
rElec   .          Rampage  .    (no cloak)
rCorr   .                        (no gloves)
Will    .....                    (no boots) Stlth
                                 g - amulet of the acrobat
HPRegen 0.27/turn                (no ring)
MPRegen 0.09/turn                (no ring)

@: no status effects
A: no striking features
a: no special abilities


You were on level 3 of the Dungeon.
You visited 1 branch of the dungeon, and saw 4 of its levels.

You collected 137 gold pieces.

Inventory:

Hand Weapons
 a - a +0 war axe (weapon)
 k - a +1 sling of flaming
Armour
 b - a +0 scale mail (worn)
 c - a +0 buckler (worn)
Jewellery
 g - an amulet of the acrobat (around neck)
 n - an amulet of regeneration
 q - a ring of willpower
 x - a +4 ring of protection
Scrolls
 f - a scroll of teleportation {unknown}
 i - a scroll of fear {unknown}
 l - 2 scrolls of noise {unknown}
 m - a scroll of fog {unknown}
 p - 5 scrolls of identify {unknown}
 t - a scroll of immolation {unknown}
 v - a scroll of enchant weapon {unknown}
 w - a scroll of acquirement {unknown}
 y - a scroll of torment {unknown}
Potions
 d - 3 potions of might
 e - 2 potions of attraction {unknown}
 h - a potion of lignification {unknown}
 j - a potion of cancellation {unknown}
 o - a potion of mutation {unknown}
 r - a potion of degeneration {unknown}
 s - a potion of haste {unknown}
 u - a potion of curing {unknown}


   Skills:
 + Level 4.8 Fighting
 + Level 4.3 Axes
 + Level 4.3 Armour
 + Level 4.3 Shields


You had 4 spell levels left.
You didn't know any spells.
Your spell library was empty.

Dungeon Overview and Level Annotations

Branches:
Dungeon (4/15)
 Temple: D:4-7

Altars:


Message History

There is a stone staircase leading up here.
Something hits you but does no damage.
You climb upwards.
Reactivating autopickup.
There is a stone staircase leading down here.
You start resting.
Something misses you.
You start resting.
Something closely misses you.
You start resting.
You hear some strange, mumbled words.
Deactivating autopickup; reactivate with Ctrl-A.
Something tries to affect you, but you resist.
Something barely misses you. Something misses you. Something barely misses you.
Something completely misses you.
You hear some strange, mumbled words.
A puff of flame appears from out of thin air!
The puff of flame misses you.
A magic dart appears from out of thin air!
The magic dart hits you.
* * * LOW HITPOINT WARNING * * *
An orc wizard appears from thin air!
Reactivating autopickup.
The orc wizard attacks as you move away!
The orc wizard misses you.
The orc wizard points at you and mumbles some strange words.
The puff of flame hits you.
* * * LOW HITPOINT WARNING * * *
The orc wizard barely misses you.
You hit the orc wizard.
The orc wizard is lightly wounded.
You block the orc wizard's attack.
You barely miss the orc wizard.
The orc wizard is lightly wounded.
The orc wizard hits you but does no damage.
You barely miss the orc wizard.
The orc wizard is lightly wounded.
The orc wizard gestures at you while chanting.
The magic dart hits you!
You die...

.###########
.#.........#
.#.#######.# .#.#
#.###### .#.#
#......##### .#.#
#..........# .#.#
#.......##.# ##.#
#.......##.# ...###
#......@##.# .....#
#......o##.#
)..[.#####.......##.#
.....##..........##.#
......'.........>##.#
.....##.............#
....######'#...#.####
....# #.#.#.#.#
รท...# #.#.#.#.#


You could see an orc wizard.

Vanquished Creatures
  An iguana (D:4)
  An orc wizard (D:3)
  4 adders
  4 dart slugs
  6 orcs
  7 ball pythons
  2 endoplasms
  5 giant cockroaches
  4 goblins
  10 hobgoblins
  3 quokkas
  6 bats
  5 frilled lizards
  4 kobolds
  5 rats
67 creatures vanquished.

Vanquished Creatures (others)
  10 plants (D:4)
10 creatures vanquished.

Grand Total: 77 creatures vanquished

Notes
Turn   | Place    | Note
-------+----------+-------------------------------------------
     0 | D:1      | Ihaveafatcat the Hill Orc Fighter began the quest for the
                  | Orb.
     0 | D:1      | Reached XP level 1. HP: 19/19 MP: 1/1
   168 | D:1      | Reached XP level 2. HP: 27/27 MP: 2/2
   545 | D:1      | Reached XP level 3. HP: 33/33 MP: 3/3
  1519 | D:2      | Reached XP level 4. HP: 40/40 MP: 4/4
  2247 | D:3      | Reached XP level 5. HP: 47/47 MP: 5/5
  2465 | D:3      | Found a faded altar of an unknown god.
  2837 | D:3      | HP: 2/47 [orc wizard/puff of flame (4)]
  2841 | D:3      | Killed from afar by an orc wizard

Illustrated notes

Levels and vault maps discovered:
D:1:      giann_horns, layout_loops_ring
D:2:      layout_loops_ring, wad_floor_pattern_1
D:3:      layout_basic, ebering_ecumenical_altar_hall
D:4:      layout_rooms, nicolae_dithmenos_the_darkroom,
          nicolae_overflow_crystal_walls, tso_oasis_becter, serial_park_tiny_2,
          kennysheep_small_spiral, serial_bayou_lagoon_a, uniq_duvessa,
          uniq_grinder

Skill      XL: |  1  2  3  4 |
---------------+-------------+-----
Axes           | 3 4 |  4.3
Fighting       | 4 |  4.8
Armour         | 4 |  4.3
Shields        | 4 |  4.3

Action                     |  1- 3 |  4- 6 || total
---------------------------+-------+-------++-------
  Melee: War axe           |   122 |    86 ||   208
 Armour: Scale mail        |    59 |    38 ||    97
  Dodge: Dodged            |    62 |    60 ||   122
  Block: Buckler           |    22 |    17 ||    39

Table legend: (Time is in decaauts)
 A = Elapsed time spent in this place.
 B = Non-inter-level travel time spent in this place.
 C = Inter-level travel time spent in this place.
 D = Time resting spent in this place.
 E = Time spent auto-exploring this place.
 F = Levels seen in this place.
 G = Mean time per level.
                   A        B        C        D        E       F      G
               +--------+--------+--------+--------+--------+-----+--------+
         Total |   2917 |   2795 |    122 |    349 |   1768 |   4 |  729.2 |
       Dungeon |   2917 |   2795 |    122 |    349 |   1768 |   4 |  729.2 |
               +--------+--------+--------+--------+--------+-----+--------+

Top non-repeatable levels by time:
     D:2: 1049 daAuts
     D:3: 1010 daAuts
     D:1: 808 daAuts
     D:4: 49 daAuts
